 Dungeon Crawl Stone Soup version 0.30.2 (webtiles) character file.

Game seed: 9306856202587314495

305120 Nonny the Warrior (level 21, -5/184 HPs)
             Began as a Merfolk Gladiator on Apr 21, 2024.
             Was the Champion of Dithmenos.
             Slain by an Executioner (22 damage)
             ... on level 3 of the Abyss.
             The game lasted 02:32:02 (43735 turns).

Nonny the Warrior (Merfolk Gladiator)              Turns: 43735, Time: 02:32:03

Health: -5/184     AC: 10    Str: 22    XL:     21   Next: 13%
Magic:  19/19      EV: 35    Int:  6    God:    Dithmenos [******]
Gold:   2231       SH: 29    Dex: 35    Spells: 20/20 levels left

rFire   + + .        W - +10 long sword of Gravity {heavy, Fragile rC+++ rN+++ MP-9}
rCold   + + +        R - +2 tower shield {AC+3}
rNeg    + + +        X - +0 troll leather armour
rPois   +            A - +0 mask of the Dragon {Will+ Slay+3 SInv}
rElec   +            c - scarf {shadows}
rCorr   +            F - +0 pair of gloves
SInv    +            P - +0 pair of boots of the Fisher {rCorr Str+3 Dex+2}
Will    ++...        S - amulet of regeneration Stlth *+++++++++
                     h - +6 ring of dexterity
HPRegen 2.10/turn    D - ring of protection from fire
MPRegen 0.16/turn

%: no passive effects
@: mighty, resistant, wreathed by umbra, invisible
A: (nimble swimmer 2), mertail, agile 1, strong 1, no potion heal 1
}: 2/15 runes: decaying, serpentine
a: Renounce Religion, Shadow Step, Shadow Form


You were on level 3 of the Abyss.
You worshipped Dithmenos.
Dithmenos was exalted by your worship.
You visited 7 branches of the dungeon, and saw 35 of its levels.
You visited the Abyss 1 time.
You also visited: Ossuary, Volcano and Desolation.

You collected 4107 gold pieces.
You spent 1876 gold pieces at shops.

Inventory:

Hand Weapons
 W - the +10 long sword of Gravity (weapon) {heavy, Fragile rC+++ rN+++ MP-9}
   (You found it on level 3 of the Snake Pit)

   rC:        It renders you almost immune to cold.
   rN:        It renders you almost immune to negative energy.
   MP:        It affects your magic capacity (-9).
   Fragile:   It will be destroyed if unequipped.
Missiles
 f - 172 stones (quivered)
 j - 11 atropa-tipped darts
 r - 3 javelins
 s - 4 throwing nets
 x - 59 poisoned darts
 C - 2 silver javelins
 I - 7 boomerangs
 T - 4 curare-tipped darts
Armour
 c - a scarf of shadows (worn)
 A - the +0 mask of the Dragon (worn) {Will+ Slay+3 SInv}
   (You bought it in a shop on level 2 of the Orcish Mines)

   Slay:      It affects your accuracy & damage with ranged weapons and melee
   (+3).
   SInv:      It lets you see invisible.
   Will:      It increases your willpower.
 F - a +0 pair of gloves (worn)
 P - the +0 pair of boots of the Fisher (worn) {rCorr Str+3 Dex+2}
   (You bought it in a shop on level 13 of the Dungeon)

   Str:       It affects your strength (+3).
   Dex:       It affects your dexterity (+2).
   rCorr:     It protects you from acid and corrosion.
 R - a +2 tower shield of protection (worn)
 X - a +0 troll leather armour (worn)
Jewellery
 a - a ring of poison resistance
 h - a +6 ring of dexterity (left hand)
 v - a ring of protection from cold
 y - a ring of flight
 D - a ring of protection from fire (right hand)
 N - a ring of willpower
 S - an amulet of regeneration (around neck)
 U - a ring of fire
 Z - a +5 ring of evasion
Wands
 e - a wand of polymorph (13)
 n - a wand of flame (34)
 p - a wand of iceblast (4)
 z - a wand of mindburst (9)
 E - a wand of paralysis (6)
 M - a wand of digging (4)
Scrolls
 k - 3 scrolls of magic mapping
 m - 10 scrolls of noise
 w - 2 scrolls of teleportation
 B - 4 scrolls of fog
 K - 2 scrolls of silence
Potions
 b - 4 potions of mutation
 g - 6 potions of might
 i - 4 potions of flight
 q - 5 potions of attraction
 u - 2 potions of curing
 G - 5 potions of resistance
 H - a potion of ambrosia
 L - 6 potions of magic
 Q - 5 potions of brilliance
 Y - 4 potions of cancellation
Miscellaneous
 l - a phantom mirror
 O - a box of beasts


   Skills:
 + Level 20.6 Fighting
 - Level 14.0 Long Blades
 - Level 10.0 Throwing
 - Level 5.0 Armour
 - Level 18.3 Dodging
 - Level 12.0 Stealth
 + Level 19.6 Shields
 * Level 9.7 Invocations
 - Level 10.0 Evocations


You had 20 spell levels left.
You didn't know any spells.
Your spell library contained the following spells:

 Spells                   Type           Power      Damage    Failure   Level
 Beastly Appendage        Tmut           0%         N/A       71%         1
 Sting                    Tmut/Pois      0%         1d3       71%         1
 Cigotuvi's Dreadful Rot  Necr/Pois/Air  0%         N/A       83%         2
 Poisonous Vapours        Pois/Air       0%         N/A       83%         2
 Sublimation of Blood     Necr           0%         N/A       83%         2
 Wereblood                Tmut           0%         N/A       83%         2
 Dazzling Flash           Conj/Hex       0%         N/A       97%         3
 Frozen Ramparts          Ice            0%         1d1       97%         3
 Ignite Poison            Fire/Tmut/Pois 0%         N/A       97%         3
 Spider Form              Tmut/Pois      0%         N/A       97%         3
 Volatile Blastmotes      Fire/Tloc      0%         2d10      97%         3
 Ice Form                 Ice/Tmut       0%         N/A       100%        4
 Iskenderun's Mystic Bla  Conj/Tloc      0%         2d3       100%        4
 Olgreb's Toxic Radiance  Pois           0%         N/A       100%        4
 Passage of Golubria      Tloc           0%         N/A       100%        4
 Sticky Flame             Conj/Fire      0%         2d3       100%        4
 Summon Ice Beast         Ice/Summ       0%         N/A       100%        4
 Agony                    Necr           0%         N/A       100%        5
 Alistair's Intoxication  Tmut/Pois      0%         N/A       100%        5
 Borgnjor's Vile Clutch   Necr/Erth      0%         N/A       100%        5
 Silence                  Hex/Air        0%         N/A       100%        5
 Eringya's Noxious Bog    Tmut/Pois      0%         N/A       100%        6
 Starburst                Conj/Fire      0%         6d3       100%        6
 Malign Gateway           Summ/Tloc      0%         N/A       100%        7
 Summon Hydra             Summ           0%         N/A       100%        7
 Ignition                 Fire           0%         3d3       100%        8
 Lehudib's Crystal Spear  Conj/Erth      0%         10d2      100%        8


Dungeon Overview and Level Annotations

Branches:
Dungeon (15/15)            Temple (1/1) D:5            Lair (5/5) D:11
  Swamp (4/4) Lair:3        Snake (4/4) Lair:2        Slime (0/5) Lair:4
    Orc (2/2) D:9             Elf (0/3) Orc:2        Vaults (4/5) D:14
  Crypt (0/3) Vaults:2     Depths (0/4) D:15        Ossuary (visited)
Volcano (visited)         Desolation (visited)

Altars:
Ashenzari
Cheibriados
Dithmenos
Elyvilon
Fedhas
Gozag
Hepliaklqana
Kikubaaqudgha
Makhleb
Nemelex Xobeh
Okawaru
Qazlal
Ru
Sif Muna
Trog
Uskayaw
Vehumet
Wu Jian
Xom
Yredelemnul
Zin
The Shining One
Jiyva

Shops:
D:1 :   D:2 ?   D:3 (   D:5 [   D:10 [   D:13 [(*   Orc:2 (*[[*   Snake:1 (
Snake:2 [   Vaults:2 !

Annotations:
D:13 Erolcha
Lair:4 exclusion: hydra
Lair:5 dragons and hydra remain
Swamp:4 3 runed translucent doors, Aqifug's ghost, adept MiGl; Naekhlem's ghost, journeyman DrMo
Orc:1 spider's vault


Innate Abilities, Weirdness & Mutations

((You are very nimble when in or above water. (Stealth+, EV+, Speed+++)))
Your lower body shifts to a powerful aquatic tail in water.
You are agile. (Dex +4, Str/Int -1)
Your muscles are strong. (Str +4, Int/Dex -1)
Potions are less effective at restoring your health.


Message History

You feel stronger.
A large abomination comes into view.
Unknown command.
Unknown command.
Unknown command.
Unknown command.
Unknown command.
Unknown command.
Unknown command.
The flying skull gives a hideous shriek!
You slice the small abomination!! Dithmenos accepts your kill.
The small abomination explodes!
The fiery explosion engulfs the ancient zyme!!!
The ancient zyme is almost destroyed.
The fiery explosion engulfs the cacodemon!!!
Flame seeps out of the cacodemon.
The cacodemon is almost dead.
The fiery explosion engulfs the large abomination!!
Dithmenos accepts your kill. The fiery explosion engulfs you. You resist.
* * * LOW HITPOINT WARNING * * *
The fiery explosion engulfs the cacodemon!!
Dithmenos accepts your kill.
The cacodemon explodes!
The fiery explosion engulfs the Executioner!!
The Executioner resists.
Flame seeps out of the Executioner.
The Executioner is almost dead.
The fiery explosion engulfs you! You resist.
* * * LOW HITPOINT WARNING * * *
You emit a cloud of dark smoke.
The fiery explosion engulfs the slime creature!!
The slime creature is severely wounded.
Your attack snaps the slime creature out of its fear.
The large abomination explodes!
The fiery explosion engulfs you. You resist.
* * * LOW HITPOINT WARNING * * *
You block the Executioner's attack. x2; The Executioner completely misses you.
The Executioner hits you!!
You die...

.#~..... .. ...
.
#~~....#........
... ~. ....... .
. . # ##...
#####⌠ .... ..
##∩##....## .
.⌠⌠
#.##XX...#⌠..
...
###.#x#§###x.##.
. .
##G#Gx2§§#.##.
#.. .. .
Gz#§§#@§#G.+. .
#.
##G#JXJ1J#z##.
#. ....
.###XJJXX###.⌠##
###.


.XX.xxJJJXXx##⌠.# . #.sx#####Xx###### #..#XzG#∩X# #xs##G##h## You could see a
cacodemon (inner flame), an Executioner (fast, inner flame), 8 slime creatures,
2 shining eyes, 2 glowing orange brains, an ancient zyme (summoned, wandering,
unable to see you), 13 large abominations, an orb spider (summoned, wandering,
unable to see you), a raiju (summoned), 5 small abominations, 2 flying skulls
and 2 golden eyes.

Vanquished Creatures
  Vashnia (Snake:4)
  A lich (Vaults:1)
  The ghost of Exa Ohi the Eclecticist, an adept DjCj of Ashenzari (Swamp:3)
  2 thorn hunters
  3 fire giants
  4 nagarajas (Snake:4)
  Donald (Swamp:1)
  A fenstrider witch (Swamp:4)
  2 cacodemons (Abyss:3)
  8 vault wardens
  3 imperial myrmidons (Desolation)
  2 orc warlords
  7 ironbound preservers
  7 very ugly things
  A war gargoyle (Vaults:2)
  3 ironbound thunderhulks
  A vampire knight (Vaults:2)
  A deep elf demonologist (Vaults:1)
  2 green draconians (Swamp:2)
  2 stone giants
  5 eleionomae
  Azrael (Snake:3)
  A deep elf annihilator (Vaults:2)
  A halazid warlock (Desolation)
  5 bunyips
  15 dire elephants
  An ettin (Vaults:3)
  The ghost of porpoise the Cleaver, a journeyman DsGl of Qazlal (Lair:2)
  A crystal guardian (Desolation)
  6 ragged hierophants (Desolation)
  3 fire dragons
  Josephine (D:11)
  An entropy weaver (Vaults:2)
  2 servants of whispers (Desolation)
  A salamander tyrant (Snake:2)
  Harold (Orc:1)
  4 yaktaur captains (Vaults:1)
  3 great orbs of eyes
  21 hydras
  14 vault guards
  10 peacekeepers (Desolation)
  2 catoblepae (Lair:5)
  2 ghost crabs
  10 anacondas
  7 ironbound frosthearts
  3 ogre magi
  10 two-headed ogres
  7 boulder beetles
  23 centaur warriors
  A death knight (D:15)
  7 alligators
  2 tengu warriors
  3 death yaks (Lair:5)
  20 naga warriors
  3 naga sharpshooters
  3 orc high priests (Orc:2)
  8 shock serpents
  A hell knight (Volcano)
  Sonja (D:13)
  7 skeletal warriors
  A skyshark (Lair:5)
  2 glowing orange brains (Vaults:2)
  2 spriggan druids
  7 goliath frogs
  10 deep trolls
  8 salamander mystics
  7 swamp dragons
  22 naga ritualists
  2 bog bodies
  6 wizards
  Pikel (D:7)
  A phantasmal warrior (Vaults:2)
  11 lindwurms
  A deep elf pyromancer (D:15)
  11 orc knights
  9 ironbound convokers
  A necromancer (D:15)
  8 orc sorcerers
  6 will-o-the-wisps
  5 cyclopes
  19 ugly things
  13 mana vipers
  A moth of wrath (Lair:2)
  17 salamanders
  A centaur zombie (D:15)
  6 elephants
  7 manticores
  10 guardian serpents
  3 molten gargoyles
  An ice statue (D:10)
  3 vault sentinels
  24 naga magi
  43 black mambas
  A centaur skeleton (D:15)
  A torpor snail (Lair:5)
  3 gargoyles
  2 unseen horrors
  12 cane toads
  15 yaktaurs
  2 freezing wraiths
  6 rime drakes
  2 kobold demonologists (D:11)
  8 komodo dragons
  3 tengu conjurers
  3 polar bears
  A bloated husk (Swamp:2)
  15 tyrant leeches
  6 trolls
  4 meliai
  7 hornets
  49 saltlings
  33 slime creatures
  16 blink frogs
  3 dream sheep (Lair:5)
  4 small abominations (Abyss:3)
  3 centaur simulacra (D:15)
  6 spriggans
  7 wyverns
  3 vampires (Vaults:2)
  Eustachio (D:5)
  22 yaks
  3 basilisks
  A golden eye (Abyss:3)
  2 fire bats (Volcano)
  5 wraiths
  7 vampire mosquitoes
  A fire elemental (Snake:3)
  6 steam dragons
  A golden eye (shapeshifter) (Vaults:2)
  2 redbacks (Vaults:2)
  2 wargs (Orc:2)
  49 nagas
  19 swamp worms
  8 acid dragons
  4 hell hounds (Snake:3)
  10 water moccasins
  Duvessa (D:6)
  2 large abominations (Abyss:3)
  14 swamp drakes
  19 orc warriors
  A sky beast (D:7)
  4 ice beasts
  7 ogres
  8 wolves
  11 centaurs
  A lemure (D:7)
  Blork the orc (Temple)
  8 kobold brigands
  A gnoll sergeant (D:8)
  7 bullfrogs
  A scorpion (D:7)
  A wight (D:8)
  Dowan (D:6)
  8 howler monkeys
  An electric eel (Lair:3)
  6 lava snakes (Volcano)
  4 hounds
  11 orc priests
  Ijyb (D:5)
  2 gnoll boudas
  A jelly (Temple)
  5 sleepcaps
  9 iguanas
  19 orc wizards
  7 hell rats (Lair:5)
  8 mummies (Ossuary)
  12 gnolls
  8 adders
  A shadow imp (D:5)
  3 white imps
  An ufetubus (D:6)
  3 worms (D:3)
  A dart slug (D:1)
  62 orcs
  7 endoplasms
  5 giant cockroaches
  11 hobgoblins
  2 jackals (D:3)
  4 quokkas
  A ball python (D:3)
  9 bats
  2 frilled lizards (D:1)
  8 goblins
  A hobgoblin zombie (Ossuary)
  27 kobolds
  6 kobold zombies (Ossuary)
  An orc zombie (Ossuary)
  8 rats
1251 creatures vanquished.

Vanquished Creatures (others)
  A nagaraja (Snake:2)
  An ironbound thunderhulk (Vaults:2)
  A swamp dragon (Swamp:2)
  A will-o-the-wisp (Swamp:2)
  A steam dragon (Swamp:4)
  A naga (Snake:4)
  3 swamp drakes (Swamp:4)
  A kobold (D:7)
  10 foxfires
20 creatures vanquished.

Grand Total: 1271 creatures vanquished

Notes
Turn   | Place    | Note
-------+----------+-------------------------------------------
     0 | D:1      | Nonny the Merfolk Gladiator began the quest for the Orb.
     0 | D:1      | Reached XP level 1. HP: 16/16 MP: 1/1
    14 | D:1      | Starting vault: statue chamber.
    93 | D:1      | Reached XP level 2. HP: 22/22 MP: 2/2
   140 | D:1      | Reached skill level 1 in Stealth
   187 | D:1      | Reached XP level 3. HP: 25/27 MP: 3/3
   190 | D:1      | Found Penwi's Book Emporium.
   501 | D:2      | CARANU OK LID - enchant armour
   502 | D:2      | YLEOMO UBAM - identify
   530 | D:2      | +6 dex ring
   540 | D:2      | Found Picsaox's Magic Scroll Shoppe.
   706 | D:2      | cyan potion - berserk rage
   945 | D:2      | Metal walls vault taking up eastern part of floor.
  1157 | D:2      | V-shaped vault.
  1251 | D:3      | Found Peazuh's Antique Weapon Emporium.
  1297 | D:3      | 2294 gold for "Eos"
  1336 | D:3      | QOZUEQA CARUVO - teleportation
  1338 | D:2      | D:3 uphatch goes to western D:2. Actually okay for orbrun.
  1491 | D:3      | metallic blue potion - flight
  1492 | D:3      | inky potion - degeneration
  1495 | D:3      | 3 identify scrolls in southwest
  1526 | D:3      | grey potion - heal wounds
  1542 | D:3      | Found a broken altar of Ashenzari.
  1563 | D:3      | Reached XP level 4. HP: 33/33 MP: 4/4
  1802 | D:3      | +3 war axe on orc in northeast
  1965 | D:3      | Reached skill level 5 in Long Blades
  1974 | D:3      | +2 dagger of venom on goblin in nothwest
  2091 | D:3      | Orc in northwest has +3 leather armour.
  2170 | D:4      | Reached skill level 5 in Dodging
  2172 | D:4      | Reached XP level 5. HP: 32/38 MP: 5/5
  2206 | D:4      | Noticed an ogre
  2248 | D:4      | Noticed an ice beast
  2331 | D:4      | Found a sand-covered staircase.
  2338 | D:4      | 4chamb floor; ossuary entrance in southwest quadrant
  2340 | Ossuary  | Entered an ossuary
  2471 | Ossuary  | Reached XP level 6. HP: 29/44 MP: 6/6
  2536 | Ossuary  | silvery potion - lignification
  2594 | Ossuary  | metallic red potion - curing
  2595 | Ossuary  | bubbling blue potion - mutation
  2646 | D:4      | Killed an ice beast
  3098 | D:4      | Reached XP level 7. HP: 32/50 MP: 7/7
  3251 | D:4      | Northwest quadrant has jamboree of goblins, orcs, ogre, and
                  | sleepcap.
  3379 | D:5      | Entered Level 5 of the Dungeon
  3379 | D:5      | Found Peggos's Armour Shop.
  3384 | D:5      | Noticed Eustachio
  3408 | D:5      | Killed Eustachio
  3457 | D:5      | Bought a +3 ring mail of cold resistance for 312 gold
                  | pieces
  3510 | D:5      | Reached XP level 8. HP: 53/56 MP: 8/8
  3514 | D:5      | Found a sparkling altar of Nemelex Xobeh.
  3524 | D:5      | scarf of harm
  3677 | D:5      | Found a staircase to the Ecumenical Temple.
  3690 | Temple   | Entered the Ecumenical Temple
  3828 | D:5      | Noticed Blork the orc
  3836 | D:5      | Temple entrance: four T's
  3847 | Temple   | Temple: ninja star
  3851 | Temple   | Killed Blork the orc
  3924 | D:5      | +4 AC ring in northeast, by sleepcap
  3948 | D:5      | Noticed Ijyb
  3974 | D:5      | Killed Ijyb
  3978 | D:5      | Reached skill level 3 in Fighting
  3978 | D:5      | Reached skill level 10 in Long Blades
  4292 | D:6      | LOXYFI MEFIOPI - fear
  4293 | D:6      | XIS DEALLUFOU - amnesia
  4300 | D:6      | Noticed Duvessa
  4300 | D:6      | Noticed Dowan
  4314 | D:6      | Killed Duvessa
  4319 | D:6      | Killed Dowan
  4320 | D:6      | Reached skill level 1 in Armour
  4332 | D:6      | Duvessa has +3 leather armour.
  4394 | D:6      | Reached XP level 9. HP: 42/64 MP: 9/9
  4415 | D:6      | coppery potion - haste
  4484 | D:6      | Vault: lava plus sign
  4599 | D:6      | Vault: 4 spearheads
  4904 | D:6      | boots in west
  5122 | D:6      | Vault: lone statue surrounded by water.
  5241 | D:7      | Noticed a two-headed ogre
  5248 | D:7      | Killed a two-headed ogre
  5249 | D:7      | Reached skill level 4 in Fighting
  5249 | D:7      | Two-headed ogre in eastern hallway.
  5277 | D:7      | Noticed Pikel
  5294 | D:7      | Killed Pikel
  5420 | D:7      | Reached skill level 5 in Fighting
  5435 | D:7      | Reached XP level 10. HP: 61/74 MP: 10/10
  5459 | D:7      | Reached skill level 1 in Evocations
  5582 | D:7      | Found a blossoming altar of Fedhas.
  5608 | D:7      | Found a shadowy altar of Dithmenos.
  5610 | D:7      | Found a radiant altar of Vehumet.
  5644 | D:7      | Became a worshipper of Dithmenos the Shadowed
  5681 | D:7      | Reached skill level 5 in Throwing
  5923 | D:8      | Found a sacrificial altar of Ru.
  6176 | D:8      | Noticed a two-headed ogre
  6191 | D:8      | Killed a two-headed ogre
  6192 | D:8      | Reached skill level 6 in Fighting
  6192 | D:8      | Reached skill level 1 in Shields
  6807 | D:8      | lumpy red potion - magic
  7102 | D:8      | Noticed a two-headed ogre
  7114 | D:8      | Killed a two-headed ogre
  7262 | D:8      | Note: all three of D:8's downstairs can only be accessed
                  | from one upstairs from D:7.
  7361 | D:9      | Found a hazy altar of Hepliaklqana.
  7386 | D:9      | Noticed a two-headed ogre
  7386 | D:9      | Noticed a two-headed ogre
  7426 | D:9      | Killed a two-headed ogre
  7428 | D:9      | Killed a two-headed ogre
  7429 | D:9      | Reached skill level 7 in Fighting
  7429 | D:9      | Reached XP level 11. HP: 41/84 MP: 11/11
  7430 | D:9      | Reached * piety under Dithmenos
  7529 | D:9      | +2 robe of cold resistance + potion of might in west,
                  | nearby acid dragon
  7544 | D:9      | You fall into a shaft and drop 3 floors!
  7762 | D:11     | Noticed Josephine
  7768 | D:10     | Entered Level 10 of the Dungeon
  7909 | D:9      | Found a staircase to the Orcish Mines.
  8548 | D:10     | purple potion - resistance
  8549 | D:10     | brown potion - attraction
  8599 | D:10     | Noticed a cyclops
  8616 | D:10     | Killed a cyclops
  8617 | D:10     | Reached skill level 8 in Fighting
  8630 | D:10     | clear potion - ambrosia
  8691 | D:10     | Paralysed by a hornet for 1 turns
  8697 | D:10     | Reached skill level 5 in Evocations
  8722 | D:10     | Ice statue. Spawns next to hornet.
  8949 | D:10     | Found Zuulak's Armour Shop.
  9075 | D:11     | REELAK WEDD - noise
  9095 | D:11     | Noticed a cyclops
  9106 | D:11     | Killed a cyclops
  9207 | D:11     | Noticed a manticore
  9215 | D:11     | Killed a manticore
  9216 | D:11     | Reached skill level 5 in Shields
  9353 | D:11     | Noticed a boulder beetle
  9364 | D:11     | Noticed a manticore
  9381 | D:11     | Killed a boulder beetle
  9382 | D:11     | Reached skill level 1 in Invocations
  9383 | D:11     | Killed a manticore
  9592 | D:11     | Reached skill level 9 in Fighting
  9952 | D:11     | Reached XP level 12. HP: 88/95 MP: 13/13
  9991 | D:11     | Reached skill level 5 in Stealth
 10086 | D:11     | Reached ** piety under Dithmenos
 10185 | D:11     | Reached skill level 10 in Dodging
 10242 | D:11     | Found a staircase to the Lair.
 10963 | D:12     | Unseen horror
 11147 | D:13     | Found Heucaril's Assorted Antiques.
 11156 | D:13     | Bought 2 fuming silvery potions for 66 gold pieces
 11157 | D:13     | fuming silvery potion - cancellatio
 11160 | D:13     | Noticed Erolcha
 11214 | D:13     | HP: 4/97 [tengu conjurer/bolt of lightning (29)]
 11218 | D:13     | Reached skill level 10 in Fighting
 11220 | D:13     | Noticed a centaur warrior
 11233 | D:13     | Killed a centaur warrior
 11600 | D:13     | Found Joajeobb's Antique Weapon Boutique.
 11906 | D:13     | Noticed a boulder beetle
 11908 | D:13     | Noticed Sonja
 11921 | D:13     | Killed a boulder beetle
 11941 | D:13     | Killed Sonja
 11943 | D:13     | Found Missud's Armour Boutique.
 11956 | D:13     | Bought the +0 pair of boots of the Fisher {rCorr Str+3
                  | Dex+2} for 331 gold pieces
 12025 | D:13     | Noticed a boulder beetle
 12041 | D:13     | Killed a boulder beetle
 12281 | D:11     | Killed Josephine
 12464 | Lair:1   | Entered Level 1 of the Lair of Beasts
 12466 | Lair:1   | ARIJAK ULOJ - fog
 12468 | Lair:1   | DAEVUE TUYWN - blinking
 12469 | Lair:1   | UPNERHUOMP - magic mapping
 12475 | Lair:1   | Identified the +4 barding of Gikir {rN+}
 12520 | Lair:1   | Reached skill level 11 in Fighting
 12544 | Lair:1   | Reached skill level 5 in Invocations
 12563 | Lair:1   | Found a dark tunnel.
 12573 | Lair:1   | Volcano entrance in east, but head through center of floor
                  | to reach it; inaccessible from southeast without passwall
                  | or digging wand
 12587 | Volcano  | Entered a volcano
 12763 | Volcano  | Found a radiant altar of Vehumet.
 12771 | Volcano  | Reached XP level 13. HP: 106/106 MP: 16/16
 13246 | Volcano  | Reached *** piety under Dithmenos
 13877 | Lair:1   | Identified the +3 arbalest "Xikhluetz" {freeze, rN+}
 14125 | Lair:2   | Found a transporter.
 14126 | Lair:2   | Noticed porpoise's ghost (journeyman DsGl)
 14192 | Lair:2   | Found a transporter.
 14274 | Lair:2   | Reached skill level 12 in Fighting
 14278 | Lair:2   | Found a shadowy altar of Dithmenos.
 14320 | Lair:2   | Found a staircase to the Snake Pit.
 14366 | Lair:2   | PAWNO - immolation
 14367 | Lair:2   | IBIC - brand weapon
 14369 | Lair:2   | FIZECS - poison
 14370 | Lair:2   | LIUNTO - enchant weapon
 14371 | Lair:2   | JIHI - vulnerability
 14372 | Lair:2   | IVUKI - butterflies
 14466 | Lair:2   | You fall into a shaft and drop 1 floor!
 14718 | Lair:3   | Found a staircase to the Swamp.
 15243 | Lair:2   | Identified the +1 chain mail of Ruisargho {-Tele rC- rCorr
                  | Int+8}
 15639 | Lair:2   | Reached **** piety under Dithmenos
 15664 | Lair:2   | Killed porpoise's ghost
 15827 | Lair:2   | Identified the +1 helmet "Moem" {MP+9 Dex+4}
 16110 | Lair:4   | Reached skill level 13 in Fighting
 16159 | Lair:4   | Reached XP level 14. HP: 104/118 MP: 17/17
 16275 | Lair:4   | Found a viscous altar of Jiyva.
 16275 | Lair:4   | Found a staircase to the Slime Pits.
 16717 | Lair:4   | Reached skill level 5 in Armour
 17111 | Lair:5   | Entered Level 5 of the Lair of Beasts
 17677 | Lair:5   | Reached ***** piety under Dithmenos
 17757 | Lair:5   | Reached skill level 14 in Fighting
 19589 | Orc:1    | Entered Level 1 of the Orcish Mines
 19639 | Orc:2    | Entered Level 2 of the Orcish Mines
 19951 | Orc:2    | Found Ucuo's Specific Store.
 19958 | Orc:2    | Found Yrrohaokh's General Store.
 19982 | Orc:2    | Bought a scroll of identify for 28 gold pieces
 20021 | Orc:2    | Found a staircase to the Elven Halls.
 20143 | Orc:2    | Paralysed by an orc sorcerer for 3 turns
 20200 | Orc:2    | Noticed Maurice
 20216 | Orc:2    | Maurice changed into Maurice the wyvern
 20216 | Orc:2    | Noticed Maurice
 20225 | Orc:2    | Killed Maurice the wyvern
 20230 | Orc:2    | Reached skill level 15 in Dodging
 20302 | Orc:2    | Reached skill level 15 in Fighting
 20601 | Orc:2    | Found Kisiduw's Armour Shoppe.
 20601 | Orc:2    | Found Rokkaura's Antique Weapon Shoppe.
 20602 | Orc:2    | Found Opre's Armour Boutique.
 20602 | Orc:2    | Found Tetiahen's General Store.
 20612 | Orc:2    | Bought the +0 mask of the Dragon {Will+ Slay+3 SInv} for
                  | 467 gold pieces
 20612 | Orc:2    | Found the +0 mask of the Dragon {Will+ Slay+3 SInv}
 20785 | Orc:2    | Bought a scarf of shadows for 168 gold pieces
 20936 | Orc:1    | Noticed Harold
 20950 | Orc:1    | Killed Harold
 21076 | Orc:1    | Reached XP level 15. HP: 101/129 MP: 18/18
 21080 | Orc:1    | Reached ****** piety under Dithmenos
 22129 | D:14     | Found a gate to the Vaults.
 22188 | D:14     | HP: 5/130 [vault guard/+2 bardiche (24)]
 22710 | D:14     | Reached skill level 16 in Fighting
 23151 | D:15     | Entered Level 15 of the Dungeon
 23678 | D:15     | Found a radiant altar of Vehumet.
 24534 | D:15     | Found a staircase to the Depths.
 24557 | D:15     | Reached skill level 10 in Stealth
 24557 | D:15     | Reached XP level 16. HP: 117/139 MP: 19/19
 24753 | D:13     | Bought a +2 ring mail of poison resistance for 216 gold
                  | pieces
 24953 | Swamp:1  | Entered Level 1 of the Swamp
 25020 | Swamp:1  | Reached skill level 10 in Throwing
 25335 | Swamp:1  | Noticed Donald
 25357 | Swamp:1  | Killed Donald
 26211 | Swamp:2  | Noticed a thorn hunter
 26223 | Swamp:2  | Killed a thorn hunter
 26227 | Swamp:2  | Reached skill level 17 in Fighting
 26643 | Swamp:2  | green draconian
 27253 | Swamp:2  | Identified the +10 flail "Isaixiac" {protect, *Noise rF++
                  | rC++}
 27462 | Swamp:3  | Found a runed translucent door.
 27463 | Swamp:3  | Noticed Exa Ohi's ghost (adept DjCj)
 27467 | Swamp:3  | Identified the +0 leather armour of Hedging {Drain Str+2
                  | Int+5}
 27578 | Swamp:3  | Noticed a thorn hunter
 27830 | Swamp:3  | TUOX - silence
 28122 | Swamp:3  | Killed a thorn hunter
 28123 | Swamp:3  | Reached skill level 10 in Shields
 28231 | Swamp:3  | Killed Exa Ohi's ghost
 28364 | Swamp:4  | Entered Level 4 of the Swamp
 28367 | Swamp:4  | Found a runed translucent gate.
 28367 | Swamp:4  | Found a runed translucent gate.
 28367 | Swamp:4  | Found a runed translucent gate.
 28371 | Swamp:4  | Noticed Naekhlem's ghost (journeyman DrMo)
 28371 | Swamp:4  | Noticed Aqifug's ghost (adept MiGl)
 28667 | Swamp:4  | Reached XP level 17. HP: 143/148 MP: 20/20
 30157 | Swamp:4  | Got a decaying rune of Zot
 30262 | Swamp:4  | Dwarf skeletons and one human one
 30638 | Snake:1  | Entered Level 1 of the Snake Pit
 30705 | Snake:1  | Identified the +2 leather armour of the Komodo Dragon
                  | {+Blink Dex+4}
 30891 | Snake:1  | Found Gocsim's Antique Weapon Emporium.
 30900 | Snake:1  | dark potion - brilliance
 32164 | Snake:2  | Reached skill level 18 in Fighting
 32802 | Snake:2  | Reached XP level 18. HP: 157/157 MP: 21/21
 34152 | Snake:2  | Found Nabu's Dragon-Slaying Spoils.
 34269 | Snake:3  | Noticed Azrael
 34280 | Snake:3  | Killed Azrael
 34735 | Snake:3  | Identified the +10 long sword of Gravity {heavy, Fragile
                  | rC+++ rN+++ MP-9}
 35567 | Snake:4  | Entered Level 4 of the Snake Pit
 36773 | Snake:4  | Reached skill level 15 in Shields
 37314 | Snake:4  | Noticed Vashnia
 37357 | Snake:4  | Killed Vashnia
 37380 | Snake:4  | Reached XP level 19. HP: 122/165 MP: 22/22
 37689 | Snake:4  | Got a serpentine rune of Zot
 37827 | Snake:4  | I could have died on this floor. Could have.
 38125 | Vaults:1 | Entered Level 1 of the Vaults
 38248 | Vaults:1 | Reached skill level 10 in Evocations
 38340 | Vaults:1 | Reached skill level 19 in Fighting
 38482 | Vaults:1 | FIRST LICH KILL
 38482 | Vaults:1 | Identified the +0 long sword "Murmur" {spect, Drain rPois
                  | rC+ SInv}
 39471 | Vaults:2 | Found a crumbling gateway.
 39481 | Desolati | Entered the Desolation of Salt
 39877 | Desolati | Identified the +5 long sword of Lust {flame, Dex+7}
 39887 | Desolati | Identified the staff of conjuration "Nybudac" {rElec rC+}
 39888 | Desolati | Identified the amulet "Yxoqer" {Faith rC- Int+4}
 40300 | Desolati | Identified the +1 great mace of Egeon {elec, *Corrode rPois
                  | rC+ Int+2}
 40441 | Desolati | Found the +6 arbalest "Damnation" {damnation}
 40511 | Desolati | Reached XP level 20. HP: 75/176 MP: 16/25
 40732 | Desolati | Got the Codex of Vitiation and the Mob
 41289 | Vaults:2 | HP: 8/176 [war gargoyle/spray of metal splinters (42)]
 41483 | Vaults:2 | Found the +5 glaive of the Guard {elec, spectral, AC+5}
 41696 | Vaults:2 | Found a staircase to the Crypt.
 41731 | Vaults:2 | Reached skill level 20 in Fighting
 41883 | Vaults:2 | Found Roxtuic's Distillery.
 41893 | Vaults:2 | Bought a potion of might for 72 gold pieces
 41893 | Vaults:2 | Bought a potion of might for 72 gold pieces
 41893 | Vaults:2 | Bought a potion of cancellation for 144 gold pieces
 41894 | Vaults:2 | Identified the +2 short sword of Torergh {drain, rF+}
 42566 | Vaults:3 | Identified the +9 arbalest "Fygrox" {freeze, Fly rPois rF+
                  | Will+}
 43006 | Vaults:3 | Identified the +5 long sword "Byduc" {spect, rC+ Dex+3}
 43585 | Vaults:4 | Reached XP level 21. HP: 156/184 MP: 19/28
 43672 | Abyss:3  | Cast into level 3 of the Abyss (a wizard)
 43699 | Abyss:3  | Gained mutation: You are agile. (Dex +4, Str/Int -1) [a
                  | cacodemon]
 43716 | Abyss:3  | Found a corrupted altar of Lugonu.
 43726 | Abyss:3  | Gained mutation: Potions are less effective at restoring
                  | your health. [a cacodemon]
 43734 | Abyss:3  | Gained mutation: Your muscles are strong. (Str +4, Int/Dex
                  | -1) [a cacodemon]
 43735 | Abyss:3  | Slain by an Executioner

Illustrated notes ################# #...............# #.8.8.#'#'#.8.8.# #..8..#.<.#..8..# #.8.8.#####.8.8.# #...............# ###...⌠...⌠...# ##....8...(## ##.⌠.@.⌠.## ##.....## ###+### Turn 14 on D:1: Starting vault: statue chamber. ## ... . ..# . #. ..# #. ..##.## ..##... ..... ....... #... ..... ..##...#..####. .......@....... ..##......###.. #...#..# ..... ..# ....... ... .###... ..## #... ..# .... ..# Turn 501 on D:2: CARANU OK LID - enchant armour ## ... . ..# . #. ..# #. ..##.## ..##... ..... ....... #... ..... ..##...#..####. .......@....... ..##......###.. #...#..# ..... ..# ....... ... .###... ..## #... ..# .... ..# Turn 502 on D:2: YLEOMO UBAM - identify ##..# #..[... #.#... #.#..# ###....##### +.......... #....#.#######..# #........@....... ####...............# #+#.......#..#..###... ###.................. . .........>........##.. ............#.....# .. #..##.............# . ...........##.#.... #..##.###..# .#... Turn 530 on D:2: +6 dex ring # ## #...# .##..#.##...# ... #....#### #..#.##..## ## #..##.#.# .. #....### #..##.#..### #..#.##....# #.@..###.# #.##..# # #.. .#... ##. # ..# .# ## . ## Turn 706 on D:2: cyan potion - berserk rage ... ...........###.##....[ ...##. #.#................ ......##...##..##.####.... ...........##..##.###..### ......##..##.#..##.#..##.# ..##...#..#.##..#.##..#.## .......>##....##....##.... #..###.##.#.##..#.##..#.##. #. #...#@.##.#..##.#..##. ... #.####....##....##.... ....##.##..##.#..##.#..##.# .........#..#.##..#.##..#.## .###.#.#.###....##....##.... ..........#.##..#.##..#.##. ###.#....#..##.#..##.#..##. #.#.#.###....##....##.... . #.#.#..##.#..##.#..##.# Turn 945 on D:2: Metal walls vault taking up eastern part of floor. #.#.#............... ...........#........ ...#..........##... #.........#....... ##.......##..####. #.##.###.....###....... #....#.##...##.#..####. ####....+8.##.##.8'....... .......#@..#'#...#....... #.....##...'...##..##### #......##.....##.#.# # #.......##.8.##..#.# # #........##.##...#.##### ####.##......#'#.......<... #.............'..##.#.##### ##.#.###.####...###.#.# #.#.# #............#.# ### Turn 1157 on D:2: V-shaped vault. #.....<#.#.# #.####†###.# ##..#####......# #.# ..........##...###.# #####..#...........# .....#..##........ ###...#..##.#.###.# #...#.......... # ....#..@....### #........#.### #....##..#... #.... ......... #... ##..## #.## .... .... !. ... #$### # ..# Turn 1297 on D:3: 2294 gold for "Eos" #..##........#.#### # .... #....##..#....##.## ..## #.................# . ###....##..####.##..#... >#....................... .........##.#####.##...... .............##............ #.###..#####..........#.#.# # #........@..##.#...## . #<.###########....## #.. ###... .#. .##. Turn 1336 on D:3: QOZUEQA CARUVO - teleportation #..#.###......## #).#.###......## ###.............## #................. #.#..#.#.......... ###.#..#.#.#........ #.................#. ###.#..#...#........ #@.....#.........# ###....##.......## #.##.###.....### #....#.##...##.# #####....'8.##.##.8' #........#...#'#...# ##.#.....##...'...## #.#......##.....##. ###.......##.8.##.. Turn 1338 on D:2: D:3 uphatch goes to western D:2. Actually okay for orbrun. #.##.# #.##.# #....# #....# ##.#.# #.#.# #.#.### #...).#.# #...@..# #.....## #......# #.....#.# ########.# ## Turn 1491 on D:3: metallic blue potion - flight #.##.# #.##.# #....# #....# ##.#.# #.#.# #.#.### #...).#.# #...@..# #.....## #......# #.....#.# ########.# ## Turn 1492 on D:3: inky potion - degeneration #....# #....# # ##.#.# . #.#.# .# #.#.####.# #...).#.# #......# #....!## #.....@# #.....#.# ########.# ## Turn 1495 on D:3: 3 identify scrolls in southwest ###### .# .....##.# ####.##.# #.##.# #.##.# #.##.# #....# #....# ############### ##.#.# #....@......... #.#.# #.############# #.#.####.## #...).#.#.## ### #......###.###..... #....!## ##....# #......###.##### #.....#.#.## ########.## Turn 1526 on D:3: grey potion - heal wounds ######## ############# ..#....###......@....# #...#....#.####)#.#..# .[...##.#....#..#.# # #..##.####.#........# #..........########.... ####.###..##### ## ....## ##....# .....###.###.# #####.#..# #.# Turn 1802 on D:3: +3 war axe on orc in northeast ######################## .......).#....#......##. .##..#.@.#..#.#.....##.. ... #.#....#.#.#..##..# . ...#..#.#...#.##..## ........#.....#....##. .........########...#### ########.. .....##### ### ####....... #.###### #....... Turn 1974 on D:3: +2 dagger of venom on goblin in nothwest ####################### #..#...#...#..........) #.....@)...†....##..#.† #.)#...#...#.##.....#.# #####'######.....##...# #...................... #######................ ################# # Turn 2091 on D:3: Orc in northwest has +3 leather armour. ##.## #.# .# #Y# .## ##+## # .. # ##...## #. ##.#.# ##.....## #.###..#.# ##.......## #.#......# #.....†...###........### +.........+.....@∩...... #.........####)......### ##.......## ##.....## ##....<## ###.### ##...## ####.# ##'## #....# #.# #.#### #.# #.# ##.## #.# Turn 2338 on D:4: 4chamb floor; ossuary entrance in southwest quadrant ##....##....## #....#......## #....#.......# #....#.......# #....#.......# #....#......## #....##.....# #....##....## #.∩∩.###..@# ###### ##### Turn 2536 on Ossuary: silvery potion - lignification ##....##....##....## ##......#....#......# #.......#....#....... #.......#....#....... #..!....#....#....... ##......#....#......# #.....##....##.....# ##....##....##....## #.@.###.∩∩.###...# ##### ###### ##### Turn 2594 on Ossuary: metallic red potion - curing ##....##....##....## ##......#....#......# #.......#....#....... #.......#....#....... #..!....#....#....... ##......#....#......# #.....##....##.....# ##....##....##....## #.@.###.∩∩.###...# ##### ###### ##### Turn 2595 on Ossuary: bubbling blue potion - mutation ############## ##............. #######...##########. ..........# #. ####.....# #. #####...## #. ##......## #######^ ##.8...8.## #....... #....@....## #.####.. #.8...<...8.# #.# ##.. ##..........# #.# #... ##.8.).8...## #.###..# ##.........###......# ##.........###...... .'.........)........ ###.........###....## ##.......## #.#..## Turn 3251 on D:4: Northwest quadrant has jamboree of goblins, orcs, ogre, and sleepcap. ###### ..#.# ##....# #.#.# ....#.#####...#### .........[.......## .>....######..#.... ......#######.#.#### ...8........#....$.# ..##........##..##.### ..##....)...#..§@§...# ..##............§§≈§.# ..†.........#..≈§≈≈≈.# ####........##.§§§≈≈.# #........##§§§.≈≈.# #........##§≈≈.≈≈.# #........##.≈≈.§≈.# #........## ..≈.# ########..# Turn 3524 on D:5: scarf of harm . #### ####### ...#. ...# ##.....## .#.. . ...#### ##..#....## ...#.. ......# ##...#.....##.#.... ...##.### ##...###.........#.. ...##...###.........o....#...# ...####......#.....#.......# ##.##......###..@..###...#... #.##.####...#.....#........$# #.#..# ##.......†.....#...## #.#.## ##..)###....#.# ### #.#.# ##...#...###.# #.#.# .....#..#.. .# #.#.# ##.....)......# #.#.# ...#...##...## #...# .######. ...# Turn 3836 on D:5: Temple entrance: four T's # ####### #### ####.....# ...#### ####........# ......#######........<..# .........#..............# ..._..........._........# .......................## ........._......[......# ..≈≈...........≈@o.....# ..≈≈≈≈≈.....≈≈≈≈≈.._..## ...≈≈≈≈≈≈≈≈≈≈≈≈≈......# ...≈≈≈≈≈≈≈≈≈≈≈≈≈......# ...≈≈≈≈≈≈≈≈≈≈≈≈≈.....## ....≈≈≈≈≈≈≈≈≈≈≈......# ....≈≈≈≈≈≈≈≈≈≈≈......# ._..≈≈≈≈≈≈≈≈≈≈≈.._..## ....≈≈≈≈≈≈≈≈≈≈≈......# Turn 3847 on Temple: Temple: ninja star ....###...#..# #..[# .....##.#....# #...# #.........#..# ####...# ........#...##########....<.# ..#.......#.............#...# ..###...#...###########.#...# ..#.........# #######)..#...# .†.....#...####.......###...# #....#.#####.h..@.#.### #...# ...###.# #...####.#.# ##### ..#..^.# .. ..### )......# #..# .##...## #.## . ...# #. . ...# .. # #### Turn 3924 on D:5: +4 AC ring in northeast, by sleepcap .... ..## ...# ...# #..# #..# ...#.##..#.## .......@....# .........#.## ........... ...#+###.#.# .. ##.# . # Turn 4292 on D:6: LOXYFI MEFIOPI - fear .... ..## ...# ...# #..# #..# ...#.##..#.## .......@....# .........#.## ........... ...#+###.#.# .. ##.# . # Turn 4293 on D:6: XIS DEALLUFOU - amnesia ...... [.... . ...## . .. #...# ... .. ...######..... #. #..#))@....... . .. #..#.######### ....#.##..#.## .......?<.†..# ..........#.## .............# ....#+###.#.## ... ###.# .. ..# Turn 4332 on D:6: Duvessa has +3 leather armour. ..#.#.#..#.#.#....# ...#.##..##.#.....# ....##....##......## .....†.............# ...................# ....##....##.......# ...#.##..##.#.....## ..#.#.#..#.#.#....# ..##.#....#.##..@.# .#. #......##.#...# # #..........#.#..# .....?.....##..# ........( .#.# ....... . .# .#### . .# #. ## Turn 4415 on D:6: coppery potion - haste .......?<.†..#...#............# ..........#.##...###..#........ .............#...#...........># ....#+###.#.##...#.........#... ... ###.##...####.#.##..... .. ..##...# ...........# . #########≈.≈#########..... +.......≈≈.≈≈.......'....# +........@≈.........'....# +.......≈≈.≈≈.......'....# #########≈.≈#########....# #...#............# #...#..###.###...# #...# #......## #...# ........... #...# #....##..## #...# ..#....... Turn 4484 on D:6: Vault: lava plus sign ###..##..##............##..## ......#..#.#..........#.#..# ......#...#.##......##.#...# ###...#....##.#....#.##....# ......#....#.#.#..#.#.#....# ............#.##..##.#.....# .....>#......##....##......## ...#..........÷.............# ##..............@...........# ......#......##....##.......# ##..........#.##..##.#.....## .'....#....#.#.#..#.#.#....# .'....#....##.#....#.##....# .'....#...#.##......##.#...# ##....#..#.#..........#.#..# ......#..##............##..# ###...#.#................#.# Turn 4599 on D:6: Vault: 4 spearheads .. .. .....#....#....... .##. ####.#.##.....#....### ... ....#..........#### .. ....# #.##.....# #. #.#.# ##.##.# #.###.#.# #..##.##### ####.....#.#######..##...... #................#~..######. #............@.....#~~.####.. ##########.##+####.#8~....... #..........##.#~~....... #..........##.#~........ #..........##.#......).. #.....†....##.#.......<. ####..........##.#........# #.........#.###...........# #.........#.# #............ Turn 4904 on D:6: boots in west .......#..#.##.....# #...#. .###.#.#.##.###.##.# #...#. .###.#.#....##..##.###### #...#. .....#.#######..##......# ######. .............#~..######.###..# ## .............#~~.####........# ####.##'####.#8~...........#.# ..........##.#~~...........#.# ..........##.#~.@..........#.# ..........##.#......)...>....# .....†....##.#.......<.....### ..........##.#........###### ......#.###...........##### ......#.# #...............# ......#.# #...#.##........# ......#†# #...#.##........# ####.##.# #...#.########### Turn 5122 on D:6: Vault: lone statue surrounded by water. ## .# .# #. ... .# .# .. ###)# # .5 #.@.# # #. #.### ## ##.. #.# .###.# #.# ..#..#### #.# .#......# #<# ...#.##.# #.# .....##.#######.# ...####.........# Turn 5249 on D:7: Two-headed ogre in eastern hallway. ##### ##...# ###....# #......# #..#...## #### #...@..<######..##### ##................... ######..........#### #...#....### ##........# #........##### ##### ##....###..##.. ##...### #....## ##..... #..##..###....# #..... Turn 6807 on D:8: lumpy red potion - magic ...#### #.....# ...#..## #.....# ...#...## #.....####### ...####.## #...........## ...# ##.####....#######.# ...# #..#...#### ### ...# ##...### ...# #..## ###### ...# ##.## ##@...# ...# ##...####...### ..#####.)...#.....# ..# #...#)......### ..# #..###....### ### ..# #[.......## #.### ### #........# #...# .# ########.# #..## .# #.# ##.# Turn 7262 on D:8: Note: all three of D:8's downstairs can only be accessed from one upstairs from D:7. #......# .### #......# #......# #......# #..)...## #.......# ####.##.# #.##.# #@...# #....# #....# #....# #....# #...D. #.....# #...... Turn 7529 on D:9: +2 robe of cold resistance + potion of might in west, nearby acid dragon #.# #.# #.# #.# #.# #.# #.# #+########### #.# .......@....# #.# ............##### #.# ............'...### #.# ##.##.......###...####.# #8 #.......+........... . ..........######...#.# .8#.......# ###+#.# #.##.......# ..# ...........# ..# Turn 8548 on D:10: purple potion - resistance #.# #.# #.# #.# #.# #.# #.# #+########### #.# .......@....# #.# ............##### #.# ............'...### #.# ##.##.......###...####.# #8 #.......+........... . ..........######...#.# .8#.......# ###+#.# #.##.......# ..# ...........# ..# Turn 8549 on D:10: brown potion - attraction #....(...>............ #..............###.##. #[.........###. #8)8#. #..........# ##....... #..........# ###8.8#. #..........# ##.##. #..........# ..... #.....)....# ..... #....@.....# ... #..........# ..... #..........# #.......<..# #..........# #..........# ############ Turn 8630 on D:10: clear potion - ambrosia ...# ###.##.......# ..# ...# #............# ..# ...# #............# ..# ...# #........§§.. # .... ...# #.......§≈§...# .. ...# #......##≈##..## <..# #.....≈#○○○#≈..## ...# #####.≈○○°°§§.... ...# #.≈#○@☼#≈ .. #### #..##§##.§.# #...§§§....# #..........# ###........# ########## ## Turn 8722 on D:10: Ice statue. Spawns next to hornet. #.# #.# #.# #.# .#######.############ ..................... #######.#####........ #.# #........ #@# #........ #.# #........ #######.#####..<.....### .......)).)............. #.......######.###### ## #.......# .# #.......# .# #.......# .# #.......# .# Turn 9075 on D:11: REELAK WEDD - noise #.......#........#...# ##'###..#........##### #...##..#####'##.....# #..........#...#.....# #..........#...#.....# #..........'...#.....# #...#########..#.....# #...###...###..#####^. #....@.....+.......#.. #..........#.......#.. #..........#.......'.. ####################.. ### Turn 10963 on D:12: Unseen horror ....# ....# ...## #≈.≈# #≈.≈###### #≈.≈...... # #≈.≈...... ####.####≈.≈...... ....<....≈@≈...### #####.<.≈≈≈...# +.........# #.........# #.........# #.........# #.........# #.......... .........? Turn 11157 on D:13: fuming silvery potion - cancellatio # ## #.# . .# .. ...#####§#.# .....§§§§§####. #§@§§..... #########. Turn 12466 on Lair:1: ARIJAK ULOJ - fog # ## #.# . .# .. ...#####§#§# .....§§§§§####... #§<§@§§..... #########..> Turn 12468 on Lair:1: DAEVUE TUYWN - blinking ,,,,* **,**,,,,,,,,**,,****,,,* ,,*** ***,,,,,,,,,,***,,***,*,,,, ,,*** *,,,,,,,,,,,,,**,,,*,,,,,** ,,,,* ***,,,*****,,**#*,*,,,*,,* ,,,,*****,*** *##*,#.#*,,,,,,,** ,*,,,**.,,,* *.#*..,,,,,,,***** ,,,,,,,...#####§#§#***,,,,,,,,,** ,**,**,.....§§§§§####...****,,,,, *******,,**,#§§§@§§.....,****,,** * ******#########..>,,,,,,,,, ****,******** *** Turn 12469 on Lair:1: UPNERHUOMP - magic mapping *,,****,,,,,,,*,* ,**,*##,,*,,,**** ***..,.,,**,,**### * *....#.,*****#§≈## *** **....#.### #§§§# *********,, ,,........#####§§≈#####.,**,*,*,* ,,....#.#...............,,,,,,,,* ,,....................#,**,,,*,,, ,,......#...####@≈#####***,,***,* ,,..........## #### **** *** **,##.##.†...# ****** ***#*##..P.## ****,**,******** ###...### *,,,,,,,,,,,,,,* * ##P#....# ****,**,,,,**,,* **##.....#.# *,*,,,,,,*,,* ,*#...#..#.## ****,**,**,** #...#....#..# *******,** Turn 12573 on Lair:1: Volcano entrance in east, but head through center of floor to reach it; inaccessible from southeast without passwall or digging wand #...#......#...#P~~~~~...# ................~~~~~~~..####... ...#....#.#....~~~...))~~....... ##..##...###..~~~...~.~~~....... #..###..###...~~......P~~....... .#.###.###....~~...>..~~~....... ....#..P ##..~~~.......~~~..#... ....#..P P....~~~.....~~~....... ..####......##.~@~...~~~........ .## ###.... ##.~~~~~~~........ ..# ##P.. ##P~~~~~P##...... .## #.. .#.#.~##.# .# ### #.#.#..# .P. .. ##.## ......... .. .. ... ####.###... #.# .# ... # #<## Turn 14366 on Lair:2: PAWNO - immolation #...#......#...#P~~~~~...# ................~~~~~~~..####... ...#....#.#....~~~...))~~....... ##..##...###..~~~...~.~~~....... #..###..###...~~......P~~....... .#.###.###....~~...>..~~~....... ....#..P ##..~~~.......~~~..#... ....#..P P....~~~.....~~~....... ..####......##.~@~...~~~........ .## ###.... ##.~~~~~~~........ ..# ##P.. ##P~~~~~P##...... .## #.. .#.#.~##.# .# ### #.#.#..# .P. .. ##.## ......... .. .. ... ####.###... #.# .# ... # #<## Turn 14367 on Lair:2: IBIC - brand weapon #...#......#...#P~~~~~...# ................~~~~~~~..####... ...#....#.#....~~~...))~~....... ##..##...###..~~~...~.~~~....... #..###..###...~~......P~~....... .#.###.###....~~...>..~~~....... ....#..P ##..~~~.......~~~..#... ....#..P P....~~~.....~~~....... ..####......##.~@~...~~~........ .## ###.... ##.~~~~~~~........ ..# ##P.. ##P~~~~~P##...... .## #.. .#.#.~##.# .# ### #.#.#..# .P. .. ##.## ......... .. .. ... ####.###... #.# .# ... # #<## Turn 14369 on Lair:2: FIZECS - poison #...#......#...#P~~~~~...# ................~~~~~~~..####... ...#....#.#....~~~...))~~....... ##..##...###..~~~...~.~~~....... #..###..###...~~......P~~....... .#.###.###....~~...>..~~~....... ....#..P ##..~~~.......~~~..#... ....#..P P....~~~.....~~~....... ..####......##.~@~...~~~........ .## ###.... ##.~~~~~~~........ ..# ##P.. ##P~~~~~P##...... .## #.. .#.#.~##.# .# ### #.#.#..# .P. .. ##.## ......... .. .. ... ####.###... #.# .# ... # #<## Turn 14370 on Lair:2: LIUNTO - enchant weapon #...#......#...#P~~~~~...# ................~~~~~~~..####... ...#....#.#....~~~...))~~....... ##..##...###..~~~...~.~~~....... #..###..###...~~......P~~....... .#.###.###....~~...>..~~~....... ....#..P ##..~~~.......~~~..#... ....#..P P....~~~.....~~~....... ..####......##.~@~...~~~........ .## ###.... ##.~~~~~~~........ ..# ##P.. ##P~~~~~P##...... .## #.. .#.#.~##.# .# ### #.#.#..# .P. .. ##.## ......... .. .. ... ####.###... #.# .# ... # #<## Turn 14371 on Lair:2: JIHI - vulnerability #...#......#...#P~~~~~...# ................~~~~~~~..####... ...#....#.#....~~~...))~~....... ##..##...###..~~~...~.~~~....... #..###..###...~~......P~~....... .#.###.###....~~...>..~~~....... ....#..P ##..~~~.......~~~..#... ....#..P P....~~~.....~~~....... ..####......##.~@~...~~~........ .## ###.... ##.~~~~~~~........ ..# ##P.. ##P~~~~~P##...... .## #.. .#.#.~##.# .# ### #.#.#..# .P. .. ##.## ......... .. .. ... ####.###... #.# .# ... # #<## Turn 14372 on Lair:2: IVUKI - butterflies ♣♣♣♣♣♣♣♣~~.~.~.§....~≈≈≈ ♣♣.~~.~~.....≈≈≈≈ .~ ♣♣♣♣~♣...~..≈≈≈≈ ...~♣♣ ♣♣♣~.~~~..≈≈≈ . ♣...~♣♣ ♣♣♣.♣.~^..≈. d.♣ ○♣.§○♣♣♣~.....~♣≈≈. ♣)≈°♣k.☼○♣♣.~~.....♣≈§. ♣♣♣ !°☼○°D♣○§♣♣...~..♣.♣≈~~ ~.♣ =∩!≈♣@§○#♣..~~~.~~.≈.~ ~♣♣ .≈)≈.°♣D§♣♣.♣♣~~....≈≈♣ ♣♣♣♣♣ ♣k≈.♣○.○☼♣♣.~♣~~.....≈. ....♣ ..♣..♣.☼☼♣♣.♣♣~~.~~♣#≈# ~~..♣ .♣≈♣...~.♣♣.~♣~~.~.♣# ~~.~♣ .~...~.♣.♣.♣♣~~§~.♣ ~§♣♣♣ ~.~~~.♣8♣..♣~~~~~.♣♣♣♣ ♣~♣♣ ♣#♣♣♣♣.♣†..♣~~~~~....♣ ♣♣~♣♣ ♣♣♣♣♣♣♣♣♣♣..^♣♣~~~~~....~ Turn 26643 on Swamp:2: green draconian ~§..#.#+#....§.~♣.... ..♣........~~~.♣♣..~. ♣♣~.......^.~~~.♣♣.~~~ ♣♣~...~~.~~..~~~♣♣♣.~~~ )~.~~~~~~~~.~..♣♣♣.~~.. ..~~~~§§~.♣♣♣♣♣♣ ♣♣♣§.. [~~~~~~~~♣♣ ♣~.~ ..~§~~~~~♣ ♣.♣. ♣♣...@~♣♣ .....~.♣♣~. .~~..~~.♣ ♣♣..~~.~♣... ~~.♣~~~..~ ♣~..~..♣♣.~~ ~~ ♣♣♣♣♣♣♣♣♣~~..~~~♣♣>§ ♣...FF~.♣ ♣ ♣..~wRf~♣ ♣♣~♣..~/~w~♣ ♣.PP..~....♣♣ ♣.PP~.[..~.~♣♣ Turn 27830 on Swamp:3: TUOX - silence .♣♣~.~~.~.~≈≈.†[≈≈♣ .~♣♣....~.§.♣...♣≈# .~.~..~..~~≈♣#.#♣♣# .....~~.~♣♣≈##.## .♣♣§♣♣~~≈≈###...## ..♣♣♣♣♣♣♣##÷..~~.### .♣♣ #~...~...~### ♣♣ ##.........÷# #~.....@...#♣ ##.....###÷# #.÷...§ §# ##...~# # ##÷$$ ###( ## Turn 30262 on Swamp:4: Dwarf skeletons and one human one ..........#. .. ........... ... ..S....... .... .........##.... #.............. ...#........... #.....@...... ......... ##...P(..#.## ........# #(...(..# ........# #.......# ........# ##.......# ........###.####....# ........##.## .....# ...^)...#..# ...## .......#..## .∩# Turn 30900 on Snake:1: dark potion - brilliance

.......##.............###.....# #
.......###............[.......#
........##..........######.####
........###......#..# #######
.........##....####.### #.##.#
...........##### ##.#.# ##....##
...........## ###....####......#
#.........#.# ##.....##.........#
##......###.###.@......###......#
##.....#####.##......#####.......
####..##.....###..#### #...)....
####.#........#####.# #........
#.............###...## #........
.#...........#..####.#####.......
.#............### #....#.#......
..............######.####.##.....
#............##..##.## #.##.#.##


Turn 37827 on Snake:4: I could have died on this floor. Could have. #######
#.....##### #.....#[?[# #.....'@)?# #.....#$$$# #...))##### #+#'#'#######
...+.......# .....#.......# ..#...#.......# # #####.......# #.......# Turn 38482
on Vaults:1: FIRST LICH KILL

Levels and vault maps discovered:
D:1:      ncdulo_halloftheorcs, layout_rooms, serial_shops,
          nicolae_shop_rolling_square
D:2:      layout_basic, serial_shops, nicolae_shop_rolling_square,
          nicolae_eternal_life, grunt_decor_arrowhead
D:3:      minmay_thinvault, layout_loops_ring, ashenzari_conservatory_becter,
          serial_shops, shop
D:4:      layout_loops_corners, enter_ossuary_1, grunt_ministairs_2
D:5:      minmay_evil_eye, layout_rooms, mainiacjoe_overflow_catwalk,
          minmay_temple_entry_tees, serial_shops, nicolae_stop_n_shop_1,
          minmay_misc_feat_pillars, uniq_eustachio, uniq_ijyb,
          uniq_blork_the_orc
D:6:      layout_basic, moated_statue, minmay_misc_feat_secret_circle,
          minmay_misc_feat_chi, kennysheep_cross_bottleneck, uniq_duvessa
D:7:      layout_loops_cross, jmf_multi_god_temple,
          mainiacjoe_overflow_alcove_4, uniq_pikel
D:8:      kennysheep_spiral_hall, layout_layer_cave, nicolae_ru_awakened_eye,
          hangedman_abyss_or_decor_stagger
D:9:      layout_rooms, lemuel_round_altar, orc_0_dummy
D:10:     layout_basic, serial_shops, nicolae_shop_waterfront, minivault_15,
          small_statue_intersection
D:11:     layout_small_grid, erik_lair_dragon, uniq_josephine
D:12:     layout_gridville
D:13:     layout_irregular_city, serial_shops, nicolae_shop_peninsula, shop,
          nicolae_shop_tiny_glass, hangedman_decor_growths, uniq_sonja,
          uniq_erolcha
D:14:     layout_gridville, erik_vaults_2, minmay_misc_feat_rugged
D:15:     grunt_enter_depths_magical_seal, layout_basic, vehumet_crystals
Temple:   nicolae_temple_superstar
Lair:1:   layout_misc_corridors, nicolae_volcano_entry_hallway, st_stairs_13
Lair:2:   layout_loops_ring, guppyfry_snake_entry_island, basic_altar,
          gammafunk_ghost_berserking_beasts
Lair:3:   layout_loops_ring, minmay_swamp_entry_reptiles, serial_bayou_shore_b,
          infiniplex_staircase_pool
Lair:4:   layout_cave_pods, slime_entry_1
Lair:5:   hangedman_lair_in_review, layout_hall_layers,
          guppyfry_lair_end_dragon, infiniplex_staircase_pool_2
Swamp:1:  layout_basic_swamp, evilmike_swamp_ruin_house_4, swamp_pool2,
          hangedman_swamp_grove, uniq_donald
Swamp:2:  layout_basic_swamp, nicolae_swamp_small_spring, swamp_pool5,
          hangedman_swamp_dais
Swamp:3:  layout_basic_swamp, gammafunk_ghost_grave,
          evilmike_swamp_ruin_house_3, nicolae_swamp_no_escape
Swamp:4:  swamp_fiery, layout_basic_swamp, gammafunk_ghost_cemetery,
          grunt_witch_cave
Snake:1:  layout_chambers, serial_shops, shop, lemuel_fruit_tree,
          grunt_megastairs_2
Snake:2:  layout_onion_interference, nicolae_shop_dragon_depot,
          nicolae_snake_naga_rites
Snake:3:  layout_chambers, guppyfry_library_mini, uniq_azrael
Snake:4:  johnstein_snake_rune_scales, layout_chambers
Orc:1:    nicolae_orc_accident_3, layout_diamond_mine, uniq_harold
Orc:2:    st_orc_elflike, layout_caves, nicolae_specific_store, uniq_maurice
Vaults:1: v_misc_2, nicolae_vaults_ninety_degrees, nicolae_vaults_apartment_2,
          nicolae_vaults_ellipses_ellipsis, v_pattern_2, ontoclasm_vaults_chip,
          nicolae_vaults_tangram_2, nicolae_vaults_surprise_closet,
          grunt_vaults_hallway_long, nicolae_vaults_diamond_1, v_misc_25,
          nicolae_vaults_antechamber_and_loot_room, layout_vaults_omnibox
Vaults:2: portal_desolation_entry_nicolae_nacl, minmay_crypt_entry_vampire_xt,
          ontoclasm_vaults_misaligned, nicolae_vaults_surprise_closet,
          nicolae_vaults_network_s, nicolae_vaults_two_Ls,
          nicolae_vaults_lightning_bolt, nicolae_vaults_diagonal_hallway_8,
          minmay_guarded_unrand_guard_vaults, ontoclasm_vaults_eye, v_pattern_4,
          layout_vaults_maze_bifur, serial_shops, nicolae_shop_trees
Vaults:3: nicolae_vaults_little_squares_2, grunt_vaults_focal,
          nicolae_vaults_storage_room_statues, ontoclasm_vaults_ring_large,
          vaults_room_octagon, ontoclasm_vaults_hangar, vaults_room_boxed,
          nicolae_vaults_sightless_eye, nicolae_vaults_yaktaur_gun_rack,
          vaults_room_pools, nicolae_vaults_tetromino_T_2,
          nicolae_vaults_double_plus_2, layout_vaults_ring
Vaults:4: ontoclasm_vaults_tryst, nicolae_vaults_closet_pinwheel_6,
          vaults_room_grid, nicolae_vaults_weapon_check,
          nicolae_vaults_trapezoid_lopsided_1, nicolae_vaults_tetromino_T_2,
          vaults_dpeg_diagonal, nicolae_vaults_storage_closets_2,
          layout_vaults_omnicross, serial_shops, shop
Abyss:3:  base: Lair:3, hangedman_abyss_rune_macabre_mess

Skill      XL: |  1  2  3  4  5  6  7  8  9 10 11 12 13 14 15 16 17 18 19 20 |
---------------+-------------------------------------------------------------+-----
Long Blades    | 4 5 6 7 9 10 12 13 14 | 14.0
Stealth        | 1 2 3 4 8 9 10 12 | 12.0
Dodging        | 5 6 7 8 9 11 13 15 16 17 18 | 18.3
Fighting       | 3 5 7 9 11 13 15 16 17 18 19 20 | 20.6
Throwing       | 3 4 5 6 8 9 10 | 10.0
Armour         | 1 3 4 5 |  5.0
Evocations     | 3 5 6 8 9 10 | 10.0
Shields        | 2 5 7 10 13 15 17 19 | 19.6
Invocations    | 2 5 7 9 |  9.7

Action                     |  1- 3 |  4- 6 |  7- 9 | 10-12 | 13-15 | 16-18 | 19-21 || total
---------------------------+-------+-------+-------+-------+-------+-------+-------++-------
  Melee: Long sword        |   109 |   175 |   314 |   221 |       |       |   748 ||  1567
         Punch             |     1 |     3 |     4 |     2 |       |       |       ||    10
         Tailslap          |       |       |     5 |       |    10 |    86 |       ||   101
         Scimitar          |       |       |       |   455 |  1155 |  1238 |   428 ||  3276
  Throw: Stone             |     6 |    11 |     4 |     6 |    29 |    30 |    22 ||   108
         Javelin           |       |     2 |     3 |     2 |     9 |    49 |     3 ||    68
         Throwing net      |       |     3 |     2 |       |       |     4 |       ||     9
         Dart              |       |       |       |    37 |    13 |     2 |     3 ||    55
         Boomerang         |       |       |       |     9 |     4 |    36 |       ||    49
  Evoke: Wand              |       |       |     2 |     7 |     6 |    22 |     2 ||    39
    Use: Scroll            |     7 |     3 |     3 |     9 |    13 |    26 |    18 ||    79
         Potion            |       |     1 |     2 |    12 |     5 |    10 |    21 ||    51
   Stab: Sleeping          |     2 |     4 |     4 |     9 |    42 |    53 |    42 ||   156
         Held in net/web   |       |     3 |     1 |       |       |     2 |       ||     6
         Invisible         |       |       |     5 |     6 |       |       |     6 ||    17
         Paralysed         |       |       |       |     1 |     6 |     8 |     2 ||    17
         Distracted        |       |       |       |       |     4 |    11 |     1 ||    16
 Armour: Ring mail         |    41 |     9 |    72 |   190 |    92 |   114 |    66 ||   584
         Leather armour    |       |    24 |    19 |       |       |       |       ||    43
         Skin              |       |       |    34 |    11 |     4 |       |       ||    49
         Troll leather arm |       |       |       |       |       |       |    86 ||    86
  Dodge: Dodged            |    79 |   139 |   247 |   476 |   753 |   922 |  1056 ||  3672
  Block: Buckler           |       |       |       |   177 |   505 |       |       ||   682
         Reflection        |       |       |       |     4 |    23 |    62 |       ||    89
         Kite shield       |       |       |       |       |   134 |   687 |       ||   821
         Tower shield      |       |       |       |       |       |   959 |  1548 ||  2507
